 Dungeon Crawl Stone Soup version 0.31-a0-836-g3ceb0a68c4 (webtiles) character file.

Game seed: 14661591948290066232

1624323 KimchiStew the Acrobat (level 27, 173/173 HPs)
             Began as a Kobold Hunter on Sept 26, 2023.
             Was a High Priest of Fedhas.
             Escaped with the Orb
             ... and 3 runes!
             The game lasted 01:34:19 (69137 turns).

KimchiStew the Acrobat (Kobold Hunter)             Turns: 69137, Time: 01:34:20

Health: 173/173    AC: 21    Str: 12    XL:     27
Magic:  50/50      EV: 50    Int: 10    God:    Fedhas [*****.]
Gold:   5152       SH: 26    Dex: 40    Spells: 26/26 levels left

rFire   + + .        V - +9 hand cannon (freeze)
rCold   + + .        Y - +5 kite shield {reflect}
rNeg    + + +        C - +5 moon troll leather armour {Spirit, Regen++ MP+5}
rPois   +            v - +1 helmet of Fyteogiugu {+Inv rF+ Str+3}
rElec   +            j - scarf {rC+ rF+}
rCorr   .            a - +2 pair of gloves of the Gate {Will+ MP+9 Int-2 Dex+3}
SInv    .            X - +1 pair of boots "Yniupt" {+Blink}
Will    ++++.        h - amulet of faith
Stlth   +++          N - ring of the Ten Thickets {rElec rPois rN+++ Int+3 Dex+6}
HPRegen 2.08/turn    D - ring of willpower
MPRegen 0.32/turn

%: reflection, guardian spirit, faith
@: studying 5 skills
A: small, no large weapons, nightstalker 3, iridescent scales 1, cold resistance
1, dopey 1
0: Orb of Zot
}: 3/15 runes: serpentine, barnacled, silver
a: Renounce Religion, Evoke Blink, Evoke Invisibility, Wall of Briars, Grow
Ballistomycete, Overgrow, Grow Oklob


You escaped.
You worshipped Fedhas.
Fedhas was extremely pleased with you.
You visited 9 branches of the dungeon, and saw 47 of its levels.
You visited the Abyss 1 time.
You visited 1 bazaar.
You also visited: Trove, Volcano and Wizlab.

You collected 9194 gold pieces.
You spent 4042 gold pieces at shops.

Inventory:

Hand Weapons
 T - a +7 heavy hand cannon
 V - a +9 hand cannon of freezing (weapon)
Missiles
 E - 24 curare-tipped darts
 U - 7 throwing nets
Armour
 a - the +2 pair of gloves of the Gate (worn) {Will+ MP+9 Int-2 Dex+3}
   (You bought it in a shop on level 2 of the Elven Halls)

   Int-2:     It affects your intelligence (-2).
   Dex+3:     It affects your dexterity (+3).
   Will+:     It increases your willpower.
   MP+9:      It affects your magic capacity (+9).
 j - a scarf of resistance (worn)
 v - the +1 helmet of Fyteogiugu (worn) {+Inv rF+ Str+3}
   (You found it on level 8 of the Dungeon)

   Str+3:     It affects your strength (+3).
   rF+:       It protects you from fire.
   +Inv:      It lets you turn invisible.
 C - the +5 moon troll leather armour (worn) {Spirit, Regen++ MP+5}
   (You took it off a deep elf sorcerer on level 3 of the Elven Halls)

   MP+5:      It affects your magic capacity (+5).
   Regen++:   It increases your rate of health regeneration.
 X - the +1 pair of boots "Yniupt" (worn) {+Blink}
   (You found it on level 3 of the Depths)

   +Blink:    It lets you blink.
 Y - a +5 kite shield of reflection (worn)
Jewellery
 c - the ring "Wiutuk" {Wiz rF++ Int+4}
   (You found it in a treasure trove)

   [ring of wizardry]

   Wiz:       It improves your spell success rate.
   Int+4:     It affects your intelligence (+4).
   rF++:      It greatly protects you from fire.
 h - an amulet of faith (around neck)
 n - the ring of Coronation {rElec rN+}
   (You found it in a treasure trove)

   [ring of positive energy]

   rElec:     It insulates you from electricity.
   rN+:       It protects you from negative energy.
 r - the ring "Idwesat" {Ice Str+4 Dex+5}
   (You took it off a yaktaur on level 5 of the Vaults)

   [ring of ice]

   Ice:       It enhances your ice magic.
   Str+4:     It affects your strength (+4).
   Dex+5:     It affects your dexterity (+5).
   rF-:       It makes you vulnerable to fire.
   rC+:       It protects you from cold.
 w - a ring of resist corrosion
 x - a ring of flight
 D - a ring of willpower (right hand)
 J - a ring of protection from cold
 N - the ring of the Ten Thickets (left hand) {rElec rPois rN+++ Int+3 Dex+6}
   (You found it on level 1 of the Lair of Beasts)

   [ring of dexterity]

   Int+3:     It affects your intelligence (+3).
   Dex+6:     It affects your dexterity (+6).
   rElec:     It insulates you from electricity.
   rPois:     It protects you from poison rN+++: It renders you almost immune to
   negative energy.
 Z - a ring of see invisible
Wands
 z - a wand of iceblast (58)
 A - a wand of digging (9)
 R - a wand of paralysis (39)
 W - a wand of acid (10)
Scrolls
 e - 17 scrolls of teleportation
 i - 4 scrolls of enchant armour
 o - 4 scrolls of silence
 p - 12 scrolls of fog
 q - 10 scrolls of poison
 y - 7 scrolls of fear
 I - 4 scrolls of immolation
 K - a scroll of revelation
 L - 8 scrolls of blinking
 O - 6 scrolls of vulnerability
Potions
 b - 9 potions of might
 d - 17 potions of curing
 f - 4 potions of invisibility
 g - 4 potions of enlightenment
 l - 2 potions of haste
 m - 8 potions of lignification
 s - 6 potions of cancellation
 t - 5 potions of mutation
 u - 10 potions of heal wounds
 G - 2 potions of magic
 M - 9 potions of resistance
 P - 11 potions of brilliance
 Q - 8 potions of attraction
Miscellaneous
 B - a phantom mirror (inert)
 F - a sack of spiders (inert)
 H - a lightning rod (4/4)
 S - a phial of floods


   Skills:
 - Level 18.0 Fighting
 - Level 22.2 Ranged Weapons
 + Level 15.7 Armour
 - Level 22.4 Dodging
 - Level 10.0 Stealth
 - Level 21.0 Shields
 - Level 18.0 Invocations
 - Level 15.0 Evocations


You had 26 spell levels left.
You didn't know any spells.
Your spell library contained the following spells:

 Spells                   Type           Power      Damage    Failure   Level
 Freeze                   Ice            0%         1d3       54%         1
 Magic Dart               Conj           0%         1d3       54%         1
 Necrotise                Necr           0%         1d4       54%         1
 Sandblast                Erth           0%         2d4       54%         1
 Shock                    Conj/Air       0%         1d3       54%         1
 Slow                     Hex            0%         N/A       54%         1
 Blink                    Tloc           0%         N/A       67%         2
 Cigotuvi's Dreadful Rot  Necr/Pois/Air  0%         N/A       67%         2
 Lesser Beckoning         Tloc           0%         N/A       67%         2
 Momentum Strike          Conj/Tloc      0%         3d8       67%         2
 Passwall                 Tmut/Erth      0%         N/A       67%         2
 Poisonous Vapours        Pois/Air       0%         N/A       67%         2
 Scorch                   Fire           0%         2d5       67%         2
 Searing Ray              Conj           0%         2d4       67%         2
 Static Discharge         Conj/Air       0%         2-2/arc   67%         2
 Sublimation of Blood     Necr           0%         N/A       67%         2
 Wereblood                Tmut           0%         N/A       67%         2
 Confusing Touch          Hex            0%         N/A       88%         3
 Dazzling Flash           Conj/Hex       0%         N/A       88%         3
 Frozen Ramparts          Ice            0%         1d1       88%         3
 Gell's Gravitas          Tloc           0%         N/A       88%         3
 Hailstorm                Conj/Ice       0%         3d3       88%         3
 Inner Flame              Hex/Fire       0%         N/A       88%         3
 Mephitic Cloud           Conj/Pois/Air  0%         N/A       88%         3
 Sigil of Binding         Hex            0%         N/A       88%         3
 Stone Arrow              Conj/Erth      0%         3d7       88%         3
 Summon Guardian Golem    Hex/Summ       0%         N/A       88%         3
 Swiftness                Air            0%         N/A       88%         3
 Teleport Other           Tloc           0%         N/A       88%         3
 Vampiric Draining        Necr           0%         2d6       88%         3
 Airstrike                Air            0%         2d(0-16)  99%         4
 Animate Armour           Summ/Erth      0%         N/A       99%         4
 Animate Dead             Necr           0%         N/A       99%         4
 Brom's Barrelling Bould  Conj/Erth      0%         2d3       99%         4
 Flame Wave               Conj/Fire      0%         2d4       99%         4
 Fulminant Prism          Conj/Hex       0%         3d5       99%         4
 Leda's Liquefaction      Hex/Erth       0%         N/A       99%         4
 Manifold Assault         Tloc           0%         N/A       99%         4
 Olgreb's Toxic Radiance  Pois           0%         N/A       99%         4
 Passage of Golubria      Tloc           0%         N/A       99%         4
 Petrify                  Tmut/Erth      0%         N/A       99%         4
 Sticky Flame             Conj/Fire      0%         2d3       99%         4
 Summon Lightning Spire   Summ/Air       0%         N/A       99%         4
 Agony                    Necr           0%         N/A       100%        5
 Alistair's Intoxication  Tmut/Pois      0%         N/A       100%        5
 Borgnjor's Vile Clutch   Necr/Erth      0%         N/A       100%        5
 Fireball                 Conj/Fire      0%         3d3       100%        5
 Freezing Cloud           Conj/Ice/Air   0%         6-21      100%        5
 Irradiate                Conj/Tmut      0%         3d11      100%        5
 Iskenderun's Battlesphe  Conj           0%         2d6       100%        5
 Lee's Rapid Deconstruct  Erth           0%         3d4*      100%        5
 Metabolic Englaciation   Hex/Ice        0%         N/A       100%        5
 Silence                  Hex/Air        0%         N/A       100%        5
 Summon Forest            Summ/Tloc      0%         N/A       100%        5
 Summon Mana Viper        Hex/Summ       0%         N/A       100%        5
 Yara's Violent Unravell  Hex/Tmut       0%         3d3       100%        5
 Bombard                  Conj/Erth      0%         9d1       100%        6
 Conjure Ball Lightning   Conj/Air       0%         3x3d6     100%        6
 Dispersal                Tloc           0%         N/A       100%        6
 Eringya's Noxious Bog    Tmut/Pois      0%         4d6       100%        6
 Summon Cactus Giant      Summ           0%         N/A       100%        6
 Malign Gateway           Summ/Tloc      0%         N/A       100%        7
 Orb of Destruction       Conj           0%         9d5       100%        7
 Spellforged Servitor     Conj/Summ      0%         N/A       100%        7
 Summon Hydra             Summ           0%         N/A       100%        7
 Discord                  Hex            0%         N/A       100%        8
 Disjunction              Tloc           0%         N/A       100%        8
 Ignition                 Fire           0%         3d3       100%        8
 Lehudib's Crystal Spear  Conj/Erth      0%         10d2      100%        8
 Summon Horrible Things   Summ           0%         N/A       100%        8


Dungeon Overview and Level Annotations

Branches:
Dungeon (15/15)            Temple (0/1) D:7            Lair (5/5) D:11
 Shoals (4/4) Lair:2        Snake (4/4) Lair:3        Slime (0/5) Lair:5
    Orc (2/2) D:10            Elf (3/3) Orc:2        Vaults (5/5) D:14
  Crypt (0/3) Vaults:3     Depths (4/4) D:15            Zot (5/5) Depths:4
Volcano (visited)          WizLab (visited)

Altars:
Fedhas
Gozag
Kikubaaqudgha
Makhleb
Okawaru
Sif Muna
Uskayaw
Yredelemnul

Shops:
D:8 :   Orc:2 (([   Elf:2 [   Snake:1 ::=   Snake:2 (   Snake:3 *
Snake:4 ?[[?   Vaults:1 [   Vaults:4 !   Zot:5 *

Portals:
Hell: Depths:1 Depths:2 Depths:3 Depths:4
Abyss: Depths:3
Pandemonium: Depths:1 Depths:2 Depths:3
Ziggurat: Depths:4

Annotations:
Lair:1 6 runed translucent doors
Snake:3 3 runed translucent doors, exclusion: obsidian statue, Tofuof's ghost, journeyman FeSu
Vaults:2 3 runed translucent doors, DEFE's ghost, adept DrSh
Depths:2 2 transporters, DocSulfur's ghost, adept DsBe
Depths:4 1 runed translucent door


Innate Abilities, Weirdness & Mutations

You are small and have problems with some larger weapons.
You are completely attuned to the shadows.
You are partially covered in iridescent scales. (AC +2)
Your flesh is cold resistant. (rC+)
You are dopey. (Int -2)


Message History

Aiming: Dig
Press: ? - help, Shift-Dir - straight line A rock wall.
This square is covered in magical glow.
The rock shatters into small pieces.
Unknown command.
Unknown command.
A red devil comes into view. It is wielding a +0 trident.
Your attacks no longer feel as feeble.
You shoot a bolt. The bolt hits the red devil.
The bolt freezes the red devil.
The red devil is lightly wounded.
The red devil completely misses you.
You shoot a bolt. The bolt hits the red devil!!!
The bolt freezes the red devil.
You kill the red devil!
Fedhas accepts your kill.
No target in view!
No target in view!
A tormentor comes into view.
You shoot a bolt. The bolt hits the tormentor!!!
The bolt freezes the tormentor!!
You kill the tormentor!
Fedhas accepts your kill.
No target in view!
No target in view!
A Brimstone Fiend comes into view.
The Brimstone Fiend gestures at you.
The sphere of damnation explodes!
The damnation engulfs you!
There is a stone staircase leading up here.
You take 10 damage, and have 163/173 hp.
You climb upwards.
Reactivating autopickup.
There is a stone staircase leading down here.
There is a stone staircase leading up here.
HP restored.
You climb upwards.
There is a stone staircase leading down here.
There is an open door here.
There is a staircase leading out of the dungeon here.
You have escaped!

## #.##.##.####.#.........#####.
.# #.......##.#.................
.# ####.####.#............#####>
.# ##.###.###.#....###..#####.
.# #...#.##........# #........
.# #...##.#.#.#....###.#######
.#### #...###............##
....# #........#'#....#.########
###.###...#....#@#....#.##.....#
##..>†.........#+#......##.....#
...............................#
##...>..................##.....#
.##.###...#.###..#...#####.....#
....# #..........#...# #######
.#### #...########...# .# #...#
##.## .# #...# #.# ###########


There were no monsters in sight!

Vanquished Creatures
  A dread lich (Vaults:5)
  2 orbs of fire
  Mara (Shoals:4)
  Mennas (Depths:3)
  3 juggernauts
  An ancient lich (Zot:5)
  Boris (Depths:3)
  Bai Suzhen (Shoals:3)
  4 Killer Klowns (Zot:5)
  2 caustic shrikes (Depths:3)
  Xtahua (Vaults:4)
  7 golden dragons
  Jory (Vaults:4)
  2 bone dragons
  A Brimstone Fiend (D:7)
  23 Orb Guardians
  13 tentacled monstrosities
  Jorgrun (Elf:1)
  A lich (Depths:3)
  Zenata (Vaults:1)
  5 titans (Vaults:5)
  A walking earthen tome (Depths:3)
  A deep elf master archer (Elf:3)
  A deep elf blademaster (Elf:3)
  Asterion (Depths:2)
  2 quicksilver dragons
  8 sphinxes
  3 tentacled starspawn (Abyss:2)
  Kirke (Shoals:4)
  Polyphemus (Shoals:4)
  6 shadow dragons
  6 death cobs
  5 tengu reavers
  Gastronok (Lair:2)
  Agnes (Snake:3)
  Aizul (Snake:2)
  8 storm dragons
  A draconian monk (Depths:4)
  3 nagarajas (Snake:4)
  13 frost giants
  A daeva (D:5)
  12 fire giants
  2 draconian knights
  19 vault wardens
  2 draconian scorchers
  A ghost moth (Zot:1)
  A deep elf elementalist (Elf:3)
  3 iron dragons
  4 deep elf sorcerers
  An angel (Depths:1)
  2 balrugs
  2 draconian shifters
  14 ironbound preservers
  4 demonspawn corrupters (WizLab)
  6 formless jellyfish
  3 orc warlords
  7 very ugly things
  4 ironbound thunderhulks
  4 war gargoyles
  A vampire knight (Depths:1)
  A draconian stormcaller (Zot:5)
  A spriggan defender (Depths:2)
  18 stone giants
  2 black draconians (Zot:1)
  7 dire elephants (Vaults:3)
  6 deep elf annihilators
  5 green draconians
  3 purple draconians
  4 deep elf demonologists
  5 white draconians
  5 yellow draconians
  7 spark wasps
  3 deep elf death magi
  A red draconian (Zot:1)
  3 crystal guardians
  14 ettins
  Josephine (D:15)
  2 green deaths
  Snorg (D:13)
  A blizzard demon (Depths:1)
  3 jiangshi (Depths:3)
  5 merfolk javelineers
  12 great orbs of eyes
  6 merfolk impalers
  10 fire dragons
  An entropy weaver (shapeshifter) (Elf:1)
  2 salamander tyrants (Snake:4)
  4 rakshasas
  26 vault guards (Vaults:5)
  19 yaktaur captains
  7 deep elf high priests
  Harold (Orc:1)
  9 ice dragons
  4 spriggan air magi
  3 merfolk avatars
  5 hydras
  An ogre mage (D:15)
  10 ironbound frosthearts
  6 anacondas
  5 peacekeepers
  An alligator snapping turtle (Shoals:4)
  3 boulder beetles
  14 centaur warriors
  The ghost of Tombo the Cleaver, a novice MiFi of the Shining One (D:9)
  5 deep troll shamans
  8 merfolk aquamancers
  A sphinx zombie (Depths:1)
  2 catoblepae
  9 naga warriors
  A satyr (Shoals:3)
  2 two-headed ogres (D:12)
  12 deep troll earth magi
  4 death yaks
  3 vampire magi
  4 hell hogs (D:7)
  3 tengu warriors
  7 naga sharpshooters
  15 dancing weapons
  2 spriggan berserkers
  4 orc high priests
  4 shock serpents
  A sun demon (Depths:4)
  Sonja (D:12)
  5 hell knights
  The ghost of Maratek the Cleaver, a novice HOFi (D:8)
  A soul eater (Depths:1)
  6 salamander mystics
  12 deep elf knights
  8 iron trolls
  4 skysharks
  2 sixfirhies
  2 spriggan druids (WizLab)
  2 wretched stars (Abyss:2)
  41 deep trolls
  A swamp dragon (Lair:5)
  2 large abominations (Abyss:2)
  2 flayed ghosts (Vaults:5)
  10 sea snakes
  6 glowing orange brains
  Pikel (D:5)
  15 ironbound convokers
  7 naga ritualists
  4 lindwurms
  A mana viper (shapeshifter) (Vaults:5)
  3 phantasmal warriors (Vaults:5)
  9 deep elf archers
  5 starcursed masses (Abyss:2)
  5 orc knights
  8 wizards
  5 necromancers
  9 mana vipers
  27 deep elf pyromancers
  21 salamanders
  A shadow dragon skeleton (Vaults:4)
  An anaconda skeleton (Abyss:2)
  A frost giant zombie (Depths:1)
  27 deep elf zephyrmancers
  16 harpies
  13 manticores
  28 ugly things
  2 orc sorcerers
  5 cyclopes
  A wolf spider (Lair:5)
  13 moths of wrath
  A salamander (shapeshifter) (Elf:3)
  11 fauns
  6 worldbinders
  A rust devil (Depths:3)
  9 merfolk sirens
  A human skeleton (Vaults:4)
  12 vault sentinels
  16 elephants
  A stone giant skeleton (Depths:1)
  5 guardian serpents
  An orange demon (Depths:3)
  43 black mambas
  3 molten gargoyles (Volcano)
  A torpor snail (Lair:5)
  15 naga magi
  3 water nymphs
  An unseen horror (D:12)
  3 smoke demons
  19 cane toads
  4 gargoyles
  An unseen horror (shapeshifter) (D:15)
  14 komodo dragons
  4 kobold demonologists
  2 efreet
  A komodo dragon (shapeshifter) (D:14)
  4 tengu conjurers
  3 rime drakes
  5 freezing wraiths
  66 yaktaurs
  2 tormentors
  32 merfolk
  A harpy zombie (Abyss:2)
  5 polar bears
  A red devil (D:3)
  An ice devil (Depths:3)
  4 hellwings
  An ancient zyme (Abyss:2)
  8 trolls
  2 wind drakes (Shoals:2)
  4 hornets
  A tarantella (Lair:1)
  6 meliai
  A wolf spider simulacrum (D:15)
  3 raiju (Abyss:2)
  8 snapping turtles
  Grinder (D:5)
  A fire giant simulacrum (Depths:1)
  A jumping spider (shapeshifter) (Elf:2)
  39 slime creatures
  A centaur simulacrum (D:14)
  A shapeshifter (D:15)
  2 spriggans (Depths:3)
  30 water elementals
  3 air elementals
  2 shadows
  5 wraiths
  A ynoxinul (Depths:1)
  2 hogs (Shoals:4)
  17 wyverns
  2 fire elementals
  35 yaks
  7 golden eyes (WizLab)
  16 vampire mosquitoes
  6 basilisks
  4 chaos spawn (Depths:3)
  A steam dragon (Lair:5)
  2 neqoxecs (Abyss:2)
  3 redbacks
  Menkaure (D:5)
  27 nagas
  A warg (Orc:1)
  24 water moccasins
  2 acid dragons
  2 hell hounds (Lair:1)
  A glowing shapeshifter skeleton (Vaults:4)
  28 orc warriors
  2 sky beasts (D:7)
  2 swamp drakes (Lair:5)
  2 ice beasts (D:7)
  A black bear (D:11)
  12 ogres
  3 boggarts (Vaults:2)
  A centaur (D:10)
  17 wolves
  4 lemures (D:5)
  A phantom (D:4)
  10 kobold brigands
  10 bullfrogs
  3 gnoll sergeants
  A small abomination (Abyss:2)
  2 scorpions
  4 earth elementals
  A glowing shapeshifter simulacrum (Vaults:4)
  3 wights (D:4)
  6 killer bees
  3 howler monkeys
  A gnoll bouda (D:3)
  5 jellies
  26 orc priests
  3 iguanas
  22 orc wizards
  A sleepcap (D:6)
  21 gnolls
  8 adders
  3 ufetubi
  4 worms
  A dart slug (D:4)
  68 orcs
  6 endoplasms
  6 giant cockroaches
  7 goblins
  7 hobgoblins
  8 jackals
  14 kobolds
  4 quokkas
  3 training dummies (Snake:2)
  8 ball pythons
  7 bats
  2 frilled lizards
  6 rats
  A lurking horror (Abyss:2)
  A starspawn tentacle (Abyss:2)
1834 creatures vanquished.

Vanquished Creatures (collateral kills)
  Sojobo (Depths:1)
  Parghit (Zot:1)
  Nikola (Shoals:2)
  A bone dragon (Abyss:2)
  An electric golem (Zot:1)
  2 tentacled monstrosities
  2 liches
  A deep elf blademaster (Elf:3)
  2 Orb Guardians (Zot:5)
  A deep elf master archer (Elf:3)
  A nagaraja (Snake:4)
  2 deep elf sorcerers (Elf:3)
  A fire giant (Vaults:5)
  A vault warden (Vaults:4)
  2 deep elf elementalists (Elf:3)
  3 ironbound preservers
  A spark wasp (Depths:4)
  A deep elf annihilator (Elf:3)
  A green draconian (Zot:1)
  2 red draconians (Zot:1)
  2 deep elf demonologists (Elf:3)
  A purple draconian (Zot:1)
  2 deep elf death magi
  2 vault guards (Vaults:2)
  An ironbound frostheart (Vaults:1)
  A centaur warrior (Vaults:2)
  A naga warrior (Snake:4)
  An orc high priest (Orc:2)
  A two-headed ogre (D:11)
  2 naga sharpshooters (Snake:4)
  2 deep elf knights (Vaults:5)
  A shock serpent (Snake:4)
  A skyshark (Lair:5)
  A deep troll (Vaults:5)
  2 deep elf archers (Elf:3)
  A wizard (Vaults:2)
  An ironbound convoker (Vaults:5)
  A deep elf pyromancer (Elf:3)
  A deep elf zephyrmancer (Elf:3)
  A necromancer (Vaults:2)
  4 harpies (Shoals:3)
  An ugly thing (Depths:2)
  A wolf spider (Lair:5)
  3 elephants (Lair:5)
  A vault sentinel (Vaults:2)
  2 black mambas (Snake:4)
  A freezing wraith (Vaults:5)
  An ancient zyme (Abyss:2)
  3 yaktaurs
  2 merfolk (Shoals:4)
  A hornet (Lair:5)
  A yak (Lair:5)
  A wyvern (Lair:5)
  A neqoxec (Abyss:2)
  A water moccasin (Lair:5)
  2 orc warriors
  2 kobold brigands (D:9)
  4 orc priests (Orc:2)
  3 orc wizards
  An ufetubus (Abyss:2)
  8 orcs
  14 ballistomycete spores
112 creatures vanquished.

Vanquished Creatures (others)
  A fire giant (Depths:4)
  A draconian knight (Zot:1)
  An ironbound preserver (Vaults:5)
  A vampire knight (Depths:1)
  A soul eater (Zot:2)
  A sixfirhy (Abyss:2)
  2 wizards (Vaults:1)
  An ugly thing (Depths:2)
  A red devil (Zot:2)
  4 humans (Shoals:4)
  4 golden eyes (Abyss:2)
  A naga (Snake:4)
  2 ball lightnings (Zot:2)
  A lurking horror (Abyss:2)
  A starspawn tentacle (Abyss:2)
23 creatures vanquished.

Grand Total: 1969 creatures vanquished

Notes
Turn   | Place    | Note
-------+----------+-------------------------------------------
     0 | D:1      | KimchiStew the Kobold Hunter began the quest for the Orb.
     0 | D:1      | Reached XP level 1. HP: 12/12 MP: 1/1
   121 | D:1      | Reached XP level 2. HP: 18/18 MP: 2/2
   328 | D:1      | Reached XP level 3. HP: 22/22 MP: 3/3
   899 | D:2      | Reached XP level 4. HP: 27/27 MP: 4/4
   948 | D:2      | Reached skill level 1 in Armour
  1165 | D:2      | Reached XP level 5. HP: 32/32 MP: 5/5
  1683 | D:3      | Reached XP level 6. HP: 30/37 MP: 3/6
  2207 | D:3      | Found the +5 woodcutter's axe
  2455 | D:3      | Identified the +6 mace "Tattletale" {flame, Fragile rN+
                  | Int+3}
  3038 | D:4      | Reached XP level 7. HP: 35/42 MP: 7/7
  4679 | D:5      | Entered Level 5 of the Dungeon
  4683 | D:5      | Noticed Grinder
  4726 | D:5      | Reached skill level 5 in Stealth
  4801 | D:5      | Found a burning altar of Makhleb.
  4894 | D:5      | Noticed Pikel
  5356 | D:5      | Reached XP level 8. HP: 35/48 MP: 5/8
  5386 | D:5      | Killed Grinder
  5586 | D:5      | Reached skill level 5 in Fighting
  5757 | D:5      | Noticed Menkaure
  5762 | D:5      | Killed Menkaure
  5763 | D:5      | Reached skill level 10 in Ranged Weapons
  6318 | D:5      | Killed Pikel
  6319 | D:5      | Reached XP level 9. HP: 40/55 MP: 9/9
  6393 | D:5      | Found a burning altar of Makhleb.
  7149 | D:6      | Found a blossoming altar of Fedhas.
  7154 | D:6      | Became a worshipper of Fedhas Madash
  7723 | D:7      | Reached skill level 1 in Invocations
  7723 | D:7      | Reached skill level 1 in Evocations
  7843 | D:7      | Found a shimmering blue altar of Sif Muna.
  7925 | D:7      | Found a staircase to the Ecumenical Temple.
  8264 | D:7      | Reached XP level 10. HP: 50/63 MP: 7/11
  8489 | D:7      | Reached * piety under Fedhas
  8796 | D:7      | Identified a scroll of acquirement
  8796 | D:7      | Acquired the +11 sling of Conformity {freeze, rC+ rN+
                  | Int-2}
  9092 | D:8      | Found Sioniudd's Tiny Tomes.
  9135 | D:8      | Found a runed translucent gate.
  9135 | D:8      | Found a runed translucent gate.
  9135 | D:8      | Found a runed translucent gate.
  9139 | D:8      | Noticed Maratek's ghost (novice HOFi)
  9151 | D:8      | Identified the +1 helmet of Fyteogiugu {+Inv rF+ Str+3}
 10088 | D:9      | Found a runed translucent gate.
 10089 | D:9      | Found a runed translucent gate.
 10093 | D:9      | Found a runed translucent gate.
 10098 | D:9      | Noticed a kobold demonologist
 10098 | D:9      | Noticed Tombo's ghost (novice MiFi)
 10193 | D:9      | Found an opulent altar of Gozag.
 10236 | D:9      | Found a hide-covered altar of Uskayaw.
 10355 | D:9      | Reached ** piety under Fedhas
 10732 | D:9      | Reached skill level 1 in Shields
 10889 | D:9      | Found an iron altar of Okawaru.
 11056 | D:9      | Noticed a kobold demonologist
 11086 | D:9      | Noticed a kobold demonologist
 11105 | D:10     | Entered Level 10 of the Dungeon
 11348 | D:10     | Reached skill level 5 in Invocations
 11365 | D:10     | Reached XP level 11. HP: 46/69 MP: 14/14
 11723 | D:10     | Reached skill level 15 in Ranged Weapons
 11949 | D:10     | Found a staircase to the Orcish Mines.
 12137 | D:10     | Reached *** piety under Fedhas
 12465 | D:11     | Noticed an elephant
 13324 | D:11     | Found a staircase to the Lair.
 13526 | D:11     | Noticed a manticore
 13530 | D:11     | Killed a manticore
 13700 | D:11     | Noticed a two-headed ogre
 13738 | D:11     | Found a portal to a secret trove of treasure.
 14065 | D:11     | Killed a two-headed ogre
 14148 | D:11     | Noticed an eight-headed hydra
 14157 | D:11     | Killed an eight-headed hydra
 14158 | D:11     | Reached skill level 10 in Fighting
 14158 | D:11     | Reached XP level 12. HP: 52/77 MP: 17/17
 14281 | D:11     | Identified the +1 falchion of the Bear {flame, rF++ Str+3}
 15019 | Lair:1   | Entered Level 1 of the Lair of Beasts
 15022 | Lair:1   | Found a dark tunnel.
 15061 | Volcano  | Entered a volcano
 16118 | Lair:1   | Found a runed translucent door.
 16134 | Lair:1   | Identified the +1 whip of Grace {freeze, Contam Int+4
                  | Dex+4}
 16137 | Lair:1   | Found a runed translucent gate.
 16137 | Lair:1   | Found a runed translucent gate.
 16137 | Lair:1   | Found a runed translucent gate.
 16137 | Lair:1   | Found a runed translucent gate.
 16137 | Lair:1   | Found a runed translucent gate.
 16137 | Lair:1   | Found a runed translucent gate.
 16137 | Lair:1   | Noticed a boulder beetle
 16140 | Lair:1   | Noticed a boulder beetle
 16883 | Lair:1   | Identified the ring of the Ten Thickets {rElec rPois rN+++
                  | Int+3 Dex+6}
 17331 | Lair:2   | Noticed Gastronok
 17342 | Lair:2   | Killed Gastronok
 17461 | Lair:2   | Reached XP level 13. HP: 67/82 MP: 12/19
 17591 | Lair:2   | Found a staircase to the Shoals.
 18066 | Lair:2   | Noticed a six-headed hydra
 18076 | Lair:2   | Killed a six-headed hydra
 18077 | Lair:2   | Reached skill level 5 in Dodging
 18557 | Lair:3   | Reached **** piety under Fedhas
 18559 | Lair:3   | Found a staircase to the Snake Pit.
 18735 | Lair:3   | Noticed a catoblepas
 18748 | Lair:3   | Killed a catoblepas
 19058 | Lair:3   | Reached skill level 10 in Invocations
 19475 | Lair:4   | Reached ***** piety under Fedhas
 19542 | Lair:4   | Reached skill level 10 in Dodging
 19831 | Lair:4   | Reached XP level 14. HP: 88/88 MP: 21/21
 20103 | Lair:4   | You fall into a shaft and drop 1 floor!
 20103 | Lair:5   | Entered Level 5 of the Lair of Beasts
 20258 | Lair:5   | Found a staircase to the Slime Pits.
 20928 | Lair:5   | Reached skill level 15 in Dodging
 21506 | Lair:5   | Identified the +4 ring mail of Boiling Hail {rN+}
 21716 | Lair:5   | Reached XP level 15. HP: 94/94 MP: 22/22
 22173 | Orc:1    | Entered Level 1 of the Orcish Mines
 22291 | Orc:1    | Paralysed by an orc sorcerer for 3 turns
 22390 | Orc:1    | Noticed Harold
 22401 | Orc:1    | Killed Harold
 22691 | Orc:2    | Entered Level 2 of the Orcish Mines
 22727 | Orc:2    | Noticed an orc warlord
 22749 | Orc:2    | Killed an orc warlord
 23214 | Orc:2    | Found a staircase to the Elven Halls.
 23265 | Orc:2    | Found Amuapoeg's Antique Weapon Emporium.
 23266 | Orc:2    | Found Jeurroem's Antique Weapon Emporium.
 23268 | Orc:2    | Found Vempyf's Antique Armour Shoppe.
 23269 | Orc:2    | Found Ysisk's Antique Weapon Shoppe.
 23687 | Orc:2    | Bought a glowing rapier for 196 gold pieces
 24148 | D:9      | Killed Tombo's ghost
 24282 | D:8      | Killed Maratek's ghost
 24462 | D:12     | Noticed Sonja
 24464 | D:12     | Killed Sonja
 25012 | D:12     | Noticed Nessos
 25015 | D:12     | Nessos changed into Nessos the polar bear
 25015 | D:12     | Noticed Nessos
 25019 | D:12     | Killed Nessos the polar bear
 25634 | D:13     | Noticed Snorg
 25645 | D:13     | Killed Snorg
 26099 | D:13     | Reached XP level 16. HP: 92/101 MP: 20/24
 26187 | D:13     | Reached skill level 5 in Armour
 27222 | D:14     | Found the +12 glaive of Prune {freeze, Prune}
 27519 | D:14     | Found a gate to the Vaults.
 28237 | D:15     | Entered Level 15 of the Dungeon
 28394 | Snake:1  | Entered Level 1 of the Snake Pit
 29411 | Snake:1  | Found Etui's Book Shoppe.
 29411 | Snake:1  | Found Qadufasm's Book Shoppe.
 29412 | Snake:1  | Found Keshrag's Jewellery Shop.
 29420 | Snake:1  | Bought a ring of see invisible for 255 gold pieces
 30351 | Snake:2  | Noticed Aizul
 30366 | Snake:2  | Killed Aizul
 30413 | Snake:2  | Found Dami's Firing Range.
 30419 | Snake:2  | Bought a +2 hand cannon of freezing for 219 gold pieces
 30419 | Snake:2  | Bought a manual of Throwing for 960 gold pieces
 31386 | Snake:3  | Reached skill level 15 in Invocations
 31386 | Snake:3  | Reached XP level 17. HP: 93/106 MP: 24/28
 31457 | Snake:3  | Identified the +6 ring mail of the Gardener {*Corrode rPois
                  | SInv}
 31780 | Snake:3  | Noticed Agnes
 31785 | Snake:3  | Killed Agnes
 31928 | Snake:3  | Reached skill level 5 in Shields
 32277 | Snake:3  | Found a runed translucent gate.
 32278 | Snake:3  | Found a runed translucent gate.
 32278 | Snake:3  | Found an opulent altar of Gozag.
 32279 | Snake:3  | Found a runed translucent gate.
 32280 | Snake:3  | Found Igee's Assorted Antiques.
 32283 | Snake:3  | Noticed Tofuof's ghost (journeyman FeSu)
 32490 | Snake:4  | Entered Level 4 of the Snake Pit
 33540 | Snake:4  | Noticed a quicksilver dragon
 33544 | Snake:4  | Killed a quicksilver dragon
 33641 | Snake:4  | Got a serpentine rune of Zot
 34248 | Snake:4  | Found Gacsig's Magic Scroll Emporium.
 34251 | Snake:4  | Found Adaucrus's Armour Emporium.
 34251 | Snake:4  | Found Quvodyj's Armour Shoppe.
 34254 | Snake:4  | Found Qighiab's Magic Scroll Shoppe.
 34424 | Snake:4  | Reached skill level 10 in Shields
 34470 | Snake:4  | Reached XP level 18. HP: 112/112 MP: 29/29
 34814 | Shoals:1 | Entered Level 1 of the Shoals
 35401 | Snake:4  | Bought a scroll of enchant weapon for 135 gold pieces
 35401 | Snake:4  | Bought a scroll of enchant weapon for 135 gold pieces
 36180 | Shoals:2 | Noticed Nikola
 36185 | Shoals:2 | Killed Nikola
 38272 | Shoals:4 | Entered Level 4 of the Shoals
 38272 | Shoals:4 | Noticed Bai Suzhen
 38292 | Shoals:3 | Killed Bai Suzhen
 38748 | Shoals:4 | Reached XP level 19. HP: 116/116 MP: 26/30
 39046 | Shoals:4 | Got a barnacled rune of Zot
 39116 | Shoals:4 | Noticed Kirke
 39122 | Shoals:4 | Killed Kirke
 39327 | Shoals:4 | Noticed Mara
 39341 | Shoals:4 | Paralysed by a formless jellyfish for 1 turns
 39416 | Shoals:4 | Acquired 706 gold pieces
 39557 | Shoals:4 | Noticed Polyphemus
 39563 | Shoals:4 | Killed Polyphemus
 40024 | Shoals:4 | Noticed Mara
 40033 | Shoals:4 | Noticed KimchiStew's illusion
 40047 | Shoals:4 | Killed Mara
 40596 | Vaults:1 | Entered Level 1 of the Vaults
 40943 | Vaults:1 | Found Wetirph's Antique Armour Emporium.
 40948 | Vaults:1 | Bought a pair of embroidered boots for 187 gold pieces
 41135 | Vaults:1 | Noticed Zenata
 41161 | Vaults:1 | Killed Zenata
 41269 | Vaults:1 | Reached skill level 10 in Stealth
 42121 | Vaults:1 | Reached XP level 20. HP: 115/122 MP: 27/31
 42203 | Vaults:1 | Identified the +2 lajatang of Karma {heavy, Dex+2}
 42299 | Vaults:1 | Reached skill level 15 in Shields
 42446 | Vaults:1 | Got a tattered book
 43294 | Vaults:2 | Paralysed by a great orb of eyes for 3 turns
 43492 | Vaults:2 | Found a flickering gateway to a bazaar.
 43507 | Bazaar   | Entered a bazaar
 43509 | Bazaar   | Found Okhlut's Distillery.
 43544 | Bazaar   | Found Sypseymo's Antique Weapon Shop.
 43561 | Bazaar   | Found Jezobrag's Antique Armour Shop.
 43568 | Bazaar   | Bought a shimmering helmet for 361 gold pieces
 43568 | Bazaar   | Identified the +0 helmet of the Robin {-Tele rElec rCorr}
                  | (You bought it in a shop in a bazaar)
 43583 | Bazaar   | Bought a potion of resistance for 160 gold pieces
 43583 | Bazaar   | Bought a potion of might for 64 gold pieces
 43583 | Bazaar   | Bought a potion of heal wounds for 80 gold pieces
 43583 | Bazaar   | Bought a potion of haste for 160 gold pieces
 43583 | Bazaar   | Bought a potion of mutation for 128 gold pieces
 43880 | Snake:4  | Bought a scroll of teleportation for 54 gold pieces
 43880 | Snake:4  | Bought a scroll of butterflies for 72 gold pieces
 43880 | Snake:4  | Bought a scroll of fear for 72 gold pieces
 43880 | Snake:4  | Bought a scroll of brand weapon for 171 gold pieces
 43880 | Snake:4  | Bought a scroll of teleportation for 54 gold pieces
 44228 | Vaults:2 | Found a runed translucent gate.
 44228 | Vaults:2 | Found a runed translucent gate.
 44228 | Vaults:2 | Found a runed translucent gate.
 44319 | Vaults:2 | Noticed a Brimstone Fiend
 44330 | Vaults:2 | Noticed an Ice Fiend
 44546 | Vaults:2 | Got an illuminated book
 45581 | Vaults:2 | Noticed DEFE's ghost (adept DrSh)
 45868 | Vaults:3 | Reached XP level 21. HP: 127/127 MP: 32/32
 46005 | Vaults:3 | Found a staircase to the Crypt.
 46005 | Vaults:3 | Found an ancient bone altar of Kikubaaqudgha.
 46005 | Vaults:3 | Found a basalt altar of Yredelemnul.
 47442 | Vaults:4 | Noticed Jory
 47453 | Vaults:4 | Killed Jory
 47625 | Vaults:4 | Noticed a golden dragon
 47682 | Vaults:4 | Killed a golden dragon
 47860 | Vaults:4 | Found Mepir's Distillery.
 47926 | Vaults:4 | Noticed Xtahua
 47934 | Vaults:4 | Killed Xtahua
 48151 | Abyss:2  | Cast into level 2 of the Abyss (a wizard)
 48653 | Abyss:2  | Noticed a bone dragon
 48658 | Abyss:2  | Noticed a bone dragon
 48677 | Abyss:2  | Killed a bone dragon
 48680 | Abyss:2  | Killed a bone dragon
 48993 | Abyss:2  | Reached XP level 22. HP: 75/135 MP: 22/33
 49006 | Vaults:4 | Escaped the Abyss
 50681 | Elf:1    | Entered Level 1 of the Elven Halls
 50771 | Elf:1    | Noticed Jorgrun
 50775 | Elf:1    | Killed Jorgrun
 51225 | Elf:1    | Reached ****** piety under Fedhas
 51996 | Elf:2    | Found a magical portal.
 52002 | WizLab   | Entered Alistair's Party Mansion
 52606 | WizLab   | Got a torn book
 52610 | WizLab   | Got a parchment book
 52799 | Elf:2    | Reached skill level 15 in Fighting
 52851 | Elf:2    | Found Azukki's Antique Armour Shoppe.
 52875 | Elf:2    | Bought a pair of pitted gloves for 285 gold pieces
 52875 | Elf:2    | Identified the +2 pair of gloves of the Gate {Will+ MP+9
                  | Int-2 Dex+3} (You bought it in a shop on level 2 of the
                  | Elven Halls)
 53138 | Elf:3    | Entered Level 3 of the Elven Halls
 53139 | Elf:3    | Acquired 712 gold pieces
 53141 | Elf:3    | Acquired 745 gold pieces
 53224 | Elf:3    | Reached XP level 23. HP: 144/144 MP: 35/35
 54292 | Elf:3    | Identified the +9 ring mail "Jionk" {-Tele rN+ Regen+
                  | Dex+4}
 54396 | Elf:3    | Got a dusty book
 54406 | Elf:3    | Identified the +0 falchion "Earthworm" {drain, rPois rC+
                  | rN+ Str-5}
 54670 | Elf:3    | Identified the +11 demon whip of Context {freeze, rCorr}
 54704 | Elf:3    | Identified the +2 pair of gloves "Lupaip" {rC- Str-2 Dex+8}
 54775 | Elf:3    | Identified the +1 scale mail of Luntuh {rPois rCorr Dex-3
                  | Stlth+}
 55174 | Vaults:5 | Entered Level 5 of the Vaults
 55853 | Vaults:5 | Got a torn book
 55941 | Vaults:5 | Noticed a dread lich
 55951 | Vaults:5 | Killed a dread lich
 56034 | Vaults:5 | Identified the +0 plate armour "Exokluymm" {Harm *Slow
                  | Int+5}
 56055 | Vaults:5 | Reached XP level 24. HP: 154/154 MP: 36/36
 56095 | Vaults:5 | Identified the ring "Idwesat" {Ice Str+4 Dex+5}
 56170 | Vaults:5 | Reached skill level 10 in Armour
 56551 | Vaults:5 | Identified the +5 orcbow of Inconvenience {freeze, rPois
                  | Int+7 Dex-5 Stlth+}
 56577 | Vaults:5 | Identified the amulet "Ophoxt" {Acrobat +Blink rElec rC-
                  | Dex+7}
 56693 | Vaults:5 | Identified the +0 mace of Wealth {venom, Dex+3}
 57549 | Vaults:5 | Got a silver rune of Zot
 57942 | Vaults:5 | Identified the +0 scale mail "Ovitiywe" {rF+}
 58443 | D:11     | You paid a toll of +2 shadow dragon scales to enter a
                  | treasure trove
 58444 | Trove    | Entered a treasure trove
 58453 | Trove    | Identified the ring "Wiutuk" {Wiz rF++ Int+4}
 58455 | Trove    | Identified the ring of Coronation {rElec rN+}
 58459 | Trove    | Identified the amulet "Ysuch" {Reflect Will+ SH+5 Stlth+}
 58463 | Trove    | Identified the amulet of Rauk {Reflect Int+7 SH+5}
 58467 | Trove    | Identified the amulet "Sukk" {Acrobat Rampage rN+ Stlth+}
 58469 | Trove    | Identified the ring of Mirth {rPois EV+5 Dex-3 Stlth+}
 58474 | Trove    | Identified the ring "Seonwupt" {Wiz Stlth+}
 58476 | Trove    | Identified the amulet of Imnat {Acrobat Dex+3}
 58478 | Trove    | Identified the amulet "Numumafacs" {RegenMP rN++}
 58625 | D:15     | Found a staircase to the Depths.
 58688 | D:15     | Noticed Josephine
 58695 | D:15     | Killed Josephine
 58762 | D:15     | Found a basalt altar of Yredelemnul.
 59708 | Depths:1 | Entered Level 1 of the Depths
 59908 | Depths:1 | Identified the +4 arbalest of Dust {heavy, Str+3}
 60252 | Depths:1 | Identified the +0 helmet of the Slorg {rCorr}
 60341 | Depths:1 | Reached XP level 25. HP: 162/162 MP: 36/36
 60480 | Depths:1 | Found a one-way gate leading to the halls of Pandemonium.
 60556 | Depths:1 | Found a gateway to Hell.
 60590 | Depths:1 | Noticed Sojobo
 60620 | Depths:1 | Killed Sojobo
 61074 | Depths:2 | Noticed Asterion
 61080 | Depths:2 | Gained mutation: You are dopey. (Int -2) [a cacodemon]
 61085 | Depths:2 | Killed Asterion
 61703 | Depths:2 | Noticed a juggernaut
 61715 | Depths:2 | Killed a juggernaut
 62413 | Depths:2 | Found a transporter.
 62413 | Depths:2 | Noticed DocSulfur's ghost (adept DsBe)
 62414 | Depths:2 | Noticed a dread lich
 62419 | Depths:2 | Found a transporter.
 62478 | Depths:2 | Found the ring of the Hare {EV+10}
 63051 | Depths:3 | Noticed a caustic shrike
 63058 | Depths:3 | Killed a caustic shrike
 63205 | Depths:3 | Found a one-way gate to the infinite horrors of the Abyss.
 63541 | Depths:3 | Acquired 723 gold pieces
 63857 | Snake:4  | Bought a scroll of fear for 72 gold pieces
 63857 | Snake:4  | Bought a scroll of immolation for 72 gold pieces
 63857 | Snake:4  | Bought a scroll of blinking for 135 gold pieces
 64364 | Depths:3 | Noticed a juggernaut
 64384 | Depths:3 | Reached XP level 26. HP: 168/168 MP: 36/36
 64393 | Depths:3 | Killed a juggernaut
 64480 | Depths:3 | Identified the +1 pair of boots "Yniupt" {+Blink}
 64484 | Depths:3 | Got a worn book
 64984 | Depths:4 | Entered Level 4 of the Depths
 65079 | Depths:4 | Noticed Boris
 65134 | Depths:3 | Killed Boris
 65135 | Depths:3 | Reached skill level 5 in Evocations
 65146 | Depths:4 | Noticed Mennas
 65160 | Depths:3 | Killed Mennas
 65499 | Depths:4 | Found a gate to the Realm of Zot.
 65658 | Depths:4 | Found a runed translucent door.
 65884 | Depths:4 | Found a one-way gateway to a ziggurat.
 66266 | Zot:1    | Entered Level 1 of the Realm of Zot
 66536 | Zot:1    | Noticed Parghit
 66868 | Zot:1    | Reached skill level 10 in Evocations
 66868 | Zot:1    | Killed Parghit
 67221 | Zot:2    | Noticed an orb of fire
 67257 | Zot:2    | Gained mutation: You occasionally lose the ability to read
                  | scrolls when taking damage. [an orb of fire]
 67258 | Zot:2    | Gained mutation: Potions are less effective at restoring
                  | your health. [an orb of fire]
 67264 | Zot:2    | Killed an orb of fire
 67564 | Zot:5    | Entered Level 5 of the Realm of Zot
 67566 | Zot:5    | Found Jureynt's CLEARANCE SALE!.
 67627 | Zot:5    | Bought a scroll of teleportation for 15 gold pieces
 67677 | Zot:5    | Reached XP level 27. HP: 173/173 MP: 36/36
 67734 | Zot:5    | Identified the ring of Uvvaheoh {rC+ Will- AC+4 Str-2
                  | Int+7}
 68027 | Zot:5    | Noticed an ancient lich
 68035 | Zot:5    | Killed an ancient lich
 68076 | Zot:5    | Noticed an orb of fire
 68078 | Zot:5    | Noticed a Killer Klown
 68093 | Zot:5    | Gained mutation: You are vulnerable to heat. (rF-) [an orb
                  | of fire]
 68097 | Zot:5    | Gained mutation: You occasionally lose the ability to drink
                  | potions when taking damage. [an orb of fire]
 68098 | Zot:5    | Killed a Killer Klown
 68100 | Zot:5    | Killed an orb of fire
 68103 | Zot:5    | Lost mutation: Potions are less effective at restoring your
                  | health. [potion of mutation]
 68103 | Zot:5    | Lost mutation: You occasionally lose the ability to read
                  | scrolls when taking damage. [potion of mutation]
 68103 | Zot:5    | Gained mutation: You are somewhat resistant to further
                  | mutation. [potion of mutation]
 68104 | Zot:5    | Lost mutation: You are vulnerable to heat. (rF-) [potion of
                  | mutation]
 68104 | Zot:5    | Lost mutation: You occasionally lose the ability to drink
                  | potions when taking damage. [potion of mutation]
 68104 | Zot:5    | Lost mutation: You are somewhat resistant to further
                  | mutation. [potion of mutation]
 68104 | Zot:5    | Gained mutation: You sometimes lose your temper in combat.
                  | [potion of mutation]
 68104 | Zot:5    | Lost mutation: You sometimes lose your temper in combat.
                  | [potion of mutation]
 68104 | Zot:5    | Gained mutation: You are partially covered in iridescent
                  | scales. (AC +2) [potion of mutation]
 68104 | Zot:5    | Gained mutation: Your flesh is cold resistant. (rC+)
                  | [potion of mutation]
 68136 | Zot:5    | Noticed a Killer Klown
 68137 | Zot:5    | Noticed a Killer Klown
 68137 | Zot:5    | Noticed a Killer Klown
 68139 | Zot:5    | Noticed a Killer Klown
 68146 | Zot:5    | Killed a Killer Klown
 68153 | Zot:5    | a Killer Klown changed into a juggernaut
 68153 | Zot:5    | Noticed a juggernaut
 68155 | Zot:5    | Killed a Killer Klown
 68167 | Zot:5    | Killed a juggernaut
 68492 | Zot:5    | Reached skill level 15 in Evocations
 68493 | Zot:5    | Reached skill level 15 in Armour
 68519 | Zot:5    | Got the Orb of Zot
 68520 | Zot:5    | Noticed a Killer Klown
 68520 | Zot:5    | Noticed a dread lich
 68520 | Zot:5    | Noticed a Killer Klown
 68520 | Zot:5    | Noticed a Killer Klown
 68520 | Zot:5    | Noticed a Killer Klown
 68522 | Zot:5    | Noticed an orb of fire
 68559 | Zot:5    | Killed a Killer Klown
 68635 | Zot:2    | Noticed Dixkuvod the pandemonium lord
 69137 | D:$      | Escaped with the Orb!

Illustrated notes

Levels and vault maps discovered:
D:1:      dpeg_arrival_tiny_b, layout_loops_cross
D:2:      layout_rooms
D:3:      layout_basic, pf_guarded_unrand_woodcutter
D:4:      layout_loops_corners
D:5:      layout_cave_pods, bloody_makhleb, uniq_grinder, uniq_pikel,
          uniq_menkaure
D:6:      layout_loops_cross, fedhas_altar_fruit_tree
D:7:      layout_loops_cross, led_sif_pool, minmay_temple_entry_glassed_door
D:8:      layout_basic, biasface_ghost_orc_armoury,
          nicolae_shop_i_like_small_books_too, grunt_decor_arrowhead
D:9:      layout_basic, mainiacjoe_overflow_big_doors,
          okawaru_altar_gauntlet_db, gammafunk_ghost_nasty_kobolds
D:10:     layout_grid_maze, orc_0_dummy, minmay_misc_feat_secret_circle
D:11:     layout_layer_cave, david_lair_generic, nicolae_trove_entry_crystal,
          hangedman_abyss_or_decor_stabs, minmay_increasing_density
D:12:     layout_stronghold, uniq_nessos, uniq_sonja
D:13:     layout_roguey, uniq_snorg
D:14:     layout_basic, david_vaults_4
D:15:     hellmonk_depths_entry_around_the_bend, layout_long_grid,
          yredelemnul_altar_generic, serial_rivers,
          chequers_serial_rivers_marsh, chequers_serial_rivers_micro_c,
          chequers_serial_rivers_large_a, chequers_serial_rivers_micro_a,
          chequers_serial_rivers_micro_e, chequers_serial_rivers_micro_a,
          uniq_josephine
Lair:1:   gammafunk_indiana_jones, layout_regular_city, enter_volcano_3,
          minmay_lair_oklob_items, serial_bayou_shore_b
Lair:2:   layout_gridlike, nicolae_shoals_entry_roost, patterned_corridor,
          uniq_gastronok
Lair:3:   layout_chaotic_city, minmay_snake_entry_six_corridors,
          serial_bayou_pond_d, guppyfry_lair_drakes
Lair:4:   layout_regular_city, lemuel_fruit_fields
Lair:5:   hangedman_lair_tendril_chambers, layout_cave_pods,
          guppyfry_lair_end_dragon, slime_entry_1, lemuel_fruit_tree
Shoals:1: layout_shoals
Shoals:2: layout_shoals, uniq_nikola
Shoals:3: cheibrodos_shoals_baths, layout_shoals, nicolae_shoals_hunting_party
Shoals:4: shoals_end_grunt_ice, layout_shoals, uniq_polyphemus, uniq_mara,
          uniq_kirke, uniq_bai_suzhen
Snake:1:  layout_chambers, minmay_shop_grove
Snake:2:  layout_honeycomb, nicolae_shop_firing_range, uniq_aizul
Snake:3:  layout_onion, ebering_ghost_gozag, statue_in_the_mist_lemuel,
          uniq_agnes
Snake:4:  hellmonk_snake_rune_quicksilver_temple, layout_cave_town,
          serial_bayou_pond_d, nicolae_snake_salamander_fort, minmay_shoptagon
Orc:1:    layout_caves, uniq_harold
Orc:2:    st_orc_mages, layout_caves
Elf:1:    eino_elf_arrival_customs, layout_geoelf_diagonals,
          hangedman_elf_represent, uniq_jorgrun
Elf:2:    nicolae_elf_blades_splatter_lattice [infiniplex_blade_entry_pillars],
          layout_gridlike, serial_shops, nicolae_shop_tiny_glass,
          mu_enter_wizlab_3
Elf:3:    elf_hall_gauntlet_narrow, layout_onion_city, nicolae_elf_v_pinch
Vaults:1: nicolae_vaults_more_shelving_2, vaults_mumra_minichess_inversion,
          v_rooms_2, nicolae_vaults_closet_pinwheel_2, vaults_room_door_hall,
          ontoclasm_vaults_gateway, nicolae_vaults_ninety_degrees, v_misc_8,
          nicolae_vaults_security_offices_4, layout_vaults_omnigrid,
          serial_shops, shop, uniq_zenata
Vaults:2: gammafunk_ghost_ooze, nicolae_vaults_turnstiles,
          nicolae_vaults_closet_pinwheel_3, vaults_room_pools,
          nicolae_vaults_closet_pinwheel_2, v_misc_11,
          nicolae_vaults_network_barrier, v_pattern_1, nicolae_vaults_swerve,
          nicolae_vaults_storage_room_water, nicolae_vaults_little_squares_3,
          nicolae_vaults_library_corner, v_misc_23,
          nicolae_vaults_specimen_jars, nicolae_vaults_trapezoid_lopsided_1,
          nicolae_vaults_theta, layout_vaults_ring, serial_shops,
          bzr_entry_customers
Vaults:3: nicolae_vaults_surprise_closet, nicolae_vaults_mini_display_case,
          nicolae_vaults_three_branches, nicolae_vaults_alarming,
          vaults_dpeg_doors, minmay_crypt_entry_necro_gods,
          nicolae_vaults_surprise_closet_hard, hangedman_vaults_river_flow,
          vaults_room_fours, nicolae_vaults_tetromino_Z_1,
          ontoclasm_vaults_loading_screen, nicolae_vaults_trapezoid_lopsided_2,
          layout_vaults_chaotic_city
Vaults:4: v_pattern_3, nicolae_vaults_wine_cellar,
          nicolae_vaults_closet_pinwheel_4, nicolae_vaults_trapezoid_layered,
          vaults_room_pools, st_star, v_misc_12, nicolae_vaults_tetromino_Z_1,
          hangedman_vaults_locks, nicolae_vaults_storage_closets_2, v_misc_23,
          ontoclasm_vaults_ring_small, vaults_dpeg_cross,
          layout_vaults_omnicross, serial_shops, shop, uniq_xtahua, uniq_jory
Vaults:5
Depths:1: layout_roguey, nicolae_two_hexagons, rand_demon_pan_entry_4,
          hell_entry, kennysheep_generic_room_14, serial_bayou_shore_b,
          grunt_megastairs_2, uniq_sojobo
Depths:2: kennysheep_snake, layout_long_grid, minmay_fountain_box,
          gammafunk_ghost_mausoleum, hell_entry, pan_entry,
          minmay_staircase_statues_hall_small, uniq_asterion
Depths:3: kennysheep_large_spiral, layout_honeycomb, hangedman_coc_ice_floe,
          minivault_14, grunt_pan_entry_spiral, abyss_entry,
          kennysheep_random_hallway
Depths:4: grunt_zot_entry_funnels, layout_cross, enter_ziggurat_e,
          minmay_misc_feat_chi, lightli_too_deep, minmay_acid_items,
          serial_bayou_shore_a, uniq_boris, uniq_mennas
Zot:1:    layout_twisted_circle, grunt_megastairs_5, uniq_parghit,
          uniq_josephina
Zot:2:    layout_misc_corridors
Zot:3:    layout_misc_corridors, lemuel_elevator, grunt_megastairs_4
Zot:4:    layout_misc_corridors
Zot:5:    layout_misc_corridors, nicolae_shop_clearance

Skill      XL: |  1  2  3  4  5  6  7  8  9 10 11 12 13 14 15 16 17 18 19 20 21 22 23 24 25 26 27 |
---------------+----------------------------------------------------------------------------------+-----
Stealth        | 2 3 4 5 7 8 10 | 10.0
Ranged Weapons | 6 7 8 11 12 14 16 20 22 | 22.2
Armour         | 1 2 3 4 6 7 9 12 14 15 | 15.7
Dodging        | 3 11 15 18 21 22 | 22.4
Fighting       | 3 4 6 7 8 10 11 12 13 15 16 17 18 | 18.0
Invocations    | 2 5 7 8 10 11 15 17 18 | 18.0
Evocations     | 2 12 15 | 15.0
Shields        | 1 3 10 12 14 15 17 18 20 21 | 21.0

Action                     |  1- 3 |  4- 6 |  7- 9 | 10-12 | 13-15 | 16-18 | 19-21 | 22-24 | 25-27 || total
---------------------------+-------+-------+-------+-------+-------+-------+-------+-------+-------++-------
   Fire: Shortbow          |    79 |   169 |   329 |    28 |       |       |       |       |       ||   605
         Sling             |       |       |       |   462 |  1158 |   394 |       |       |       ||  2014
         Hand cannon       |       |       |       |       |       |   677 |  1077 |  1131 |  1219 ||  4104
  Throw: Dart              |       |     4 |     3 |     5 |     1 |       |       |       |     4 ||    17
         Throwing net      |       |       |       |       |     1 |       |       |       |       ||     1
 Invoke: Wall of Briars    |       |       |       |     4 |    19 |    27 |    20 |    10 |    24 ||   104
         Overgrow          |       |       |       |       |     5 |     4 |     4 |     6 |     8 ||    27
         Grow Ballistomyce |       |       |       |       |     1 |       |       |       |     1 ||     2
         Grow Oklob        |       |       |       |       |       |     1 |     4 |       |     4 ||     9
  Evoke: Wand              |       |     4 |     8 |       |     5 |       |     2 |       |     1 ||    20
         Phantom mirror    |       |       |       |       |       |     2 |     2 |       |     2 ||     6
         Sack of spiders   |       |       |       |       |       |       |     2 |       |     2 ||     4
    Use: Scroll            |       |       |     6 |    12 |     8 |    11 |    15 |    12 |    13 ||    77
         Potion            |       |       |       |       |     1 |     2 |     1 |     3 |     5 ||    12
 Armour: Leather armour    |    17 |    36 |     9 |       |       |       |       |       |       ||    62
         Robe              |       |       |    65 |   108 |   114 |   105 |   114 |     7 |       ||   513
         Quicksilver drago |       |       |       |       |       |   104 |    50 |    35 |       ||   189
         Troll leather arm |       |       |       |       |       |       |       |    72 |   270 ||   342
  Dodge: Dodged            |    29 |   101 |   128 |   112 |   397 |   821 |   639 |   473 |   955 ||  3655
  Block: Buckler           |       |       |       |    31 |   130 |   277 |    64 |       |       ||   502
         Kite shield       |       |       |       |       |       |       |   590 |   622 |  1129 ||  2341
         Reflection        |       |       |       |       |       |       |    76 |    62 |    26 ||   164

Table legend: (Time is in decaauts)
 A = Elapsed time spent in this place.
 B = Non-inter-level travel time spent in this place.
 C = Inter-level travel time spent in this place.
 D = Time resting spent in this place.
 E = Time spent auto-exploring this place.
 F = Levels seen in this place.
 G = Mean time per level.
                   A        B        C        D        E       F      G
               +--------+--------+--------+--------+--------+-----+--------+
         Total |  69907 |  64618 |   5289 |  13434 |  37738 |  52 | 1344.4 |
       Dungeon |  21958 |  19430 |   2528 |   3227 |  13134 |  15 | 1463.9 |
          Lair |   6958 |   6329 |    629 |   1150 |   4112 |   5 | 1391.6 |
        Shoals |   6064 |   5878 |    186 |   1562 |   3332 |   4 | 1516.0 |
     Snake Pit |   6804 |   6210 |    594 |   1420 |   3779 |   4 | 1701.0 |
  Orcish Mines |   1584 |   1495 |     89 |    178 |   1022 |   2 |  792.0 |
   Elven Halls |   3525 |   3272 |    253 |    346 |   2032 |   3 | 1175.0 |
        Vaults |  12024 |  11365 |    659 |   2473 |   6073 |   5 | 2404.8 |
        Depths |   6360 |   6012 |    348 |    836 |   3688 |   4 | 1590.0 |
           Zot |   2393 |   2393 |      0 |   1052 |    317 |   5 |  478.6 |
         Abyss |    865 |    865 |      0 |    556 |    114 |   1 |  865.0 |
        Bazaar |     90 |     90 |      0 |      0 |     55 |   1 |   90.0 |
         Trove |     45 |     45 |      0 |      0 |      0 |   1 |   45.0 |
       Volcano |    437 |    437 |      0 |    307 |      0 |   1 |  437.0 |
        Wizlab |    794 |    794 |      0 |    323 |     78 |   1 |  794.0 |
               +--------+--------+--------+--------+--------+-----+--------+

Top non-repeatable levels by time:
Vaults:5: 3085 daAuts
    D:11: 2971 daAuts
Vaults:1: 2795 daAuts
Vaults:4: 2381 daAuts
 Snake:4: 2314 daAuts
Shoals:4: 2209 daAuts
     D:5: 2192 daAuts
     D:4: 2036 daAuts
Vaults:2: 1946 daAuts
  Lair:5: 1907 daAuts
Depths:2: 1877 daAuts
Vaults:3: 1815 daAuts
  Lair:1: 1754 daAuts
Depths:3: 1753 daAuts
    D:14: 1742 daAuts
